 Dungeon Crawl Stone Soup version 0.20-a0-854-g0cc194a (console) character file.

179 nht the Cleaver (level 5, -2/42 HPs)
             Began as a Hill Orc Gladiator on Mar 11, 2017.
             Slain by an adder (3 damage)
             ... on level 4 of the Dungeon.
             The game lasted 00:03:14 (2678 turns).

nht the Cleaver (Hill Orc Gladiator)                Turns: 2678, Time: 00:03:14

Health: -2/42      AC:  5    Str: 18    XL:     5   Next: 59%
Magic:  5/5        EV: 12    Int:  8    God:
Gold:   206        SH:  0    Dex: 12    Spells: 4/4 levels left

rFire    . . .     SeeInvis .   a - +1 war axe
rCold    . . .     Gourm    .   b - +0 leather armour
rNeg     + . .     Faith    +   (no shield)
rPois    .         Spirit   .   k - +0 helmet
rElec    .         Reflect  .   p - +0 cloak (curse)
rCorr    .         Harm     .   (no gloves)
MR       .....                  (no boots)
Stlth    +.........             i - amulet of faith
Regen    0.2/turn               l - ring of positive energy
MPRegen  0.1/turn               g - -3 ring of slaying (curse)

@: lethally poisoned (-2 -> -5)
A: no striking features
a: no special abilities


You were on level 4 of the Dungeon.
You were near starving.

You visited 1 branch of the dungeon, and saw 4 of its levels.

You collected 206 gold pieces.

Inventory:

Hand Weapons
 a - a +1 war axe (weapon)
Missiles
 d - 2 throwing nets (quivered)
Armour
 b - a +0 leather armour (worn)
 c - a +0 helmet
 k - a +0 helmet (worn)
 p - a cursed +0 cloak (worn)
Jewellery
 g - a cursed -3 ring of slaying (left hand)
 i - an amulet of faith (around neck)
 l - a ring of positive energy (right hand)
 o - an uncursed ring of fire
Scrolls
 e - 2 scrolls of identify
 h - 7 scrolls of teleportation
Potions
 n - 2 potions of magic
Comestibles
 f - a bread ration
 j - 3 royal jellies
 m - 2 meat rations


   Skills:
 - Level 2.4 Fighting
 + Level 8.0 Axes
 - Level 1.7 Throwing
 - Level 2.4 Dodging


You had 4 spell levels left.
You didn't know any spells.

Dungeon Overview and Level Annotations

Branches:
Dungeon (4/15)
 Temple: D:4-7

Altars:


Message History

The adder is severely wounded.
The adder bites you.
* * * LOW HITPOINT WARNING * * *
The adder bites you.
* * * LOW HITPOINT WARNING * * *
You are lethally poisoned!
The adder poisons you!
Okay, then.
* * * LOW HITPOINT WARNING * * *
You feel sick.
You closely miss the adder.
The adder is severely wounded.
The adder closely misses you.
You barely miss the adder.
The adder is severely wounded.
* * * LOW HITPOINT WARNING * * *
You feel sick. The adder bites you.
* * * LOW HITPOINT WARNING * * *
The adder bites you.
You die...

........>..█........ █.
█..........██...... ██..
██......██.██.█....
....██████████.██....█....
........█ █...██.......██
█......████.████.......██
█......█....███..........
██........................
........█@███.██████....██
██......█S█ █.█ █.█..█
█......█o█ █.█ ......█
█.......o███.█ █...██.█
█████...<..█.████.████.█
███........... █..
█...██....███
███████............█
.........█.....█....


You could see an adder and 2 orcs.

Vanquished Creatures
  Crazy Yiuf (D:3)
  A worker ant (D:4)
  Robin (D:3)
  3 adders
  A howler monkey skeleton (D:4)
  2 oozes
  2 dart slugs
  A worm (D:3)
  A leopard gecko (D:4)
  4 bats
  3 giant cockroaches
  13 goblins
  8 hobgoblins
  3 jackals (D:1)
  9 kobolds
  A quokka (D:2)
  3 frilled lizards
  6 rats
63 creatures vanquished.

Notes
Turn   | Place    | Note
-------+----------+-------------------------------------------
     0 | D:1      | nht the Hill Orc Gladiator began the quest for the Orb.
     0 | D:1      | Reached XP level 1. HP: 18/18 MP: 1/1
   100 | D:1      | Reached XP level 2. HP: 18/25 MP: 2/2
   172 | D:1      | Reached skill level 5 in Axes
   400 | D:1      | Reached XP level 3. HP: 27/30 MP: 3/3
  1087 | D:2      | Reached skill level 6 in Axes
  1757 | D:3      | Found a runed door.
  1786 | D:3      | Reached XP level 4. HP: 37/37 MP: 4/4
  1816 | D:3      | Noticed Robin
  1837 | D:3      | Killed Robin
  1986 | D:3      | Reached skill level 7 in Axes
  2048 | D:3      | HP: 2/55 [poisoned by an adder]
  2429 | D:3      | Noticed Crazy Yiuf
  2441 | D:3      | Killed Crazy Yiuf
  2441 | D:3      | Reached XP level 5. HP: 14/42 MP: 5/5
  2525 | D:4      | Reached skill level 8 in Axes
  2678 | D:4      | HP: 2/42 [poisoned by an adder]
  2678 | D:4      | Slain by an adder

Vault maps used:
D:1:      moated_graveyard_arrival
D:2:      corner_web_ring, minmay_pentomino_z2
D:3:      uniq_crazy_yiuf_cottage, uniq_robin

Skill      XL: |  1  2  3  4  5 |
---------------+----------------+-----
Axes           | 5 6 7 8 |  8.0
Fighting       | |  2.4
Throwing       | |  1.7
Dodging        | |  2.4

Action                   |  1- 3 |  4- 6 || total
-------------------------+-------+-------++-------
Melee: War axe           |   119 |    80 ||   199
Throw: Throwing net      |       |     3 ||     3
  Use: Scroll            |     5 |     5 ||    10
       Potion            |     1 |     3 ||     4
 Stab: Sleeping          |     1 |       ||     1
       Held in net/web   |       |     1 ||     1
  Eat: Chunk             |     3 |     1 ||     4
Armor: Leather armour    |    34 |    32 ||    66
       Skin              |       |     7 ||     7
Dodge: Dodged            |    85 |    70 ||   155
